 Dungeon Crawl Stone Soup version 0.25-a0-785-gb22c70e859 (webtiles) character file.

Game seed: 12652383567247335495, levelgen mode: deterministic

755 mortelune the Cutter (level 8, 0/51 HPs)
             Began as a Kobold Hunter on Apr 17, 2020.
             Slain by a killer bee zombie (6 damage)
             ... on level 6 of the Dungeon.
             The game lasted 00:09:14 (4735 turns).

mortelune the Cutter (Kobold Hunter)                Turns: 4735, Time: 00:09:14

Health: 0/51       AC:  7    Str: 10 (11) XL:     8   Next: 7%
Magic:  8/8        EV: 15    Int: 16      God:
Gold:   216        SH:  0    Dex: 16      Spells: 7/7 levels left

rFire    . . .     SeeInvis +   b - +0 short sword
rCold    . . .     Gourm    .   (shield restricted)
rNeg     . . .     Faith    .   g - +0 ring mail
rPois    .         Spirit   .   (helmet restricted)
rElec    .         Reflect  .   h - +0 cloak (curse)
rCorr    .         Harm     .   w - +0 pair of gloves
MR       .....                  (no boots)
Stlth    +.........             (no amulet)
HPRegen  0.17/turn              u - +4 ring of intelligence
MPRegen  0.11/turn              j - ring of see invisible

@: berserk cooldown
A: small, beak, carnivore, deterioration 1
a: no special abilities


You were on level 6 of the Dungeon.
You were not hungry.

You visited 2 branches of the dungeon, and saw 7 of its levels.

You collected 216 gold pieces.

Inventory:

Hand Weapons
 a - a +1 hand crossbow
 b - a +0 short sword (weapon)
Missiles
 q - 13 poisoned darts (quivered)
Armour
 c - a +0 leather armour
 g - a +0 ring mail (worn)
 h - a cursed +0 cloak (worn)
 w - a +0 pair of gloves (worn)
Jewellery
 j - a ring of see invisible (right hand)
 u - a +4 ring of intelligence (left hand)
Wands
 e - a wand of digging (3)
 i - a wand of disintegration (17)
 r - a wand of random effects (15)
Scrolls
 l - a scroll of teleportation
 n - 3 scrolls of remove curse
 o - 4 scrolls of amnesia
Potions
 s - a potion of mutation
 v - 3 potions of haste {unknown}
 x - a potion of lignification {unknown}
Comestibles
 f - 12 rations


   Skills:
 * Level 6.2 Fighting
 * Level 6.7 Short Blades
 - Level 4.8 Crossbows
 + Level 5.0 Dodging
 - Level 1.3 Stealth


You had 7 spell levels left.
You didn't know any spells.
Your spell library was empty.

Dungeon Overview and Level Annotations

Branches:
Dungeon (7/15)             Temple (1/1) D:6

Altars:
Ashenzari
Dithmenos
Elyvilon
Fedhas
Gozag
Kikubaaqudgha
Ru
Trog
Vehumet
Zin
The Shining One

Annotations:
D:6 Pikel


Innate Abilities, Weirdness & Mutations

You are small and have problems with some larger weapons.
You are carnivorous and can eat meat at any time.
You have a beak for a mouth.
Your body sometimes deteriorates upon taking damage.


Message History

You feel yourself speed up.
You feel a little less mighty now.
The killer bee zombie closely misses you. x2
The killer bee zombie misses you.
You hit the killer bee zombie. You peck the killer bee zombie.
The killer bee zombie is moderately damaged.
The killer bee zombie closely misses you.
You hit the killer bee zombie. Your peck misses the killer bee zombie.
The killer bee zombie is severely damaged.
Your resistance to elements expires.
The killer bee zombie hits you.
* * * LOW HITPOINT WARNING * * *
You closely miss the killer bee zombie.
The killer bee zombie is severely damaged.
The killer bee zombie barely misses you.
The killer bee zombie hits you!
* * * LOW HITPOINT WARNING * * *
You hit the killer bee zombie.
The killer bee zombie is almost destroyed.
The killer bee zombie hits you.
You die...

#...#888#..######+#......#
#...8...8................#
#...8.>..................#
#...8...8................#
+...#888#................#######
##..........###'######...........
............#........#.......(.((
..####......#...Z....#...........
. #..#......#...@....#..........p
#..#......#..###.###....##'####
#..#......#..###.########......
##..#......#......#.....K'......
#...#......#......#.....##'###..
+...'......#......#.....##..##..
#...#.)....#......#.....#...##..
#...#......#..##'######'##..p...
#...#......#..#..........#......


You could see a killer bee zombie.

Vanquished Creatures
  Menkaure (D:6)
  A sky beast (D:6)
  An ogre (D:2)
  2 slaves
  A centaur (D:6)
  Blork the orc (D:6)
  A bullfrog zombie (D:7)
  An orc priest (D:6)
  A hound (D:6)
  An orc wizard (D:7)
  Jessica (D:3)
  An iguana (D:7)
  2 worker ants
  3 adders
  A worm (D:3)
  A dart slug (D:2)
  A leopard gecko (D:1)
  6 orcs
  2 ball pythons
  7 bats
  3 giant cockroaches
  10 goblins
  15 hobgoblins
  2 jackals (D:1)
  4 quokkas
  6 frilled lizards
  3 kobolds
  A quokka skeleton (D:2)
  6 rats
86 creatures vanquished.

Notes
Turn   | Place    | Note
-------+----------+-------------------------------------------
     0 | D:1      | mortelune the Kobold Hunter began the quest for the Orb.
     0 | D:1      | Reached XP level 1. HP: 12/12 MP: 1/1
    98 | D:1      | Reached skill level 1 in Short Blades
   102 | D:1      | Reached XP level 2. HP: 16/18 MP: 2/2
   379 | D:1      | Reached XP level 3. HP: 18/22 MP: 3/3
  1546 | D:2      | Found a blossoming altar of Fedhas.
  1565 | D:2      | Reached XP level 4. HP: 24/28 MP: 4/4
  1902 | D:2      | You fall into a shaft and drop 1 floor!
  1912 | D:3      | Found an opulent altar of Gozag.
  2002 | D:3      | Noticed Jessica
  2010 | D:3      | Killed Jessica
  2010 | D:3      | Reached XP level 5. HP: 33/33 MP: 5/5
  2380 | D:2      | Noticed an ogre
  2395 | D:2      | Killed an ogre
  2395 | D:2      | Reached XP level 6. HP: 39/39 MP: 6/6
  2965 | D:4      | You fall into a shaft and drop 3 floors!
  3504 | D:7      | Reached skill level 5 in Short Blades
  3631 | D:6      | Reached skill level 5 in Fighting
  3679 | D:6      | Noticed Blork the orc
  3687 | D:6      | Gained mutation: Your body sometimes deteriorates upon
                  | taking damage. [potion of mutation]
  3687 | D:6      | Gained mutation: You have a beak for a mouth. [potion of
                  | mutation]
  3693 | D:6      | Reached XP level 7. HP: 44/44 MP: 7/7
  3695 | D:6      | Killed Blork the orc
  3743 | D:6      | Found a staircase to the Ecumenical Temple.
  3776 | Temple   | Entered the Ecumenical Temple
  4383 | D:6      | Noticed Menkaure
  4390 | D:6      | Killed Menkaure
  4513 | D:6      | Noticed Pikel
  4698 | D:6      | Reached skill level 5 in Dodging
  4698 | D:6      | Reached XP level 8. HP: 15/51 MP: 8/8
  4735 | D:6      | Slain by a killer bee zombie

Levels and vault maps discovered:
D:1:      matt_arrival_los_fun, layout_loops_ring
D:2:      layout_basic, fedhas_altar_2, wad_floor_pattern_untrapped, st_stairs_4
D:3:      layout_loops_ring, grunt_gozag_statues, first_ration,
          minmay_strange_pillars, uniq_jessica
D:4:      layout_gridville, xom_teletrap_fun, serial_shops,
          kennysheep_mini_moat, lemuel_tele_altar, uniq_duvessa, uniq_ijyb,
          uniq_sigmund
D:6:      layout_gridville, overflow_temple_1_default,
          minmay_temple_entry_statues, uniq_pikel, uniq_menkaure,
          uniq_crazy_yiuf_cottage, uniq_blork_the_orc
D:7:      layout_basic, kennysheep_little_box
Temple:   dpeg_three_leaves_temple

Skill      XL: |  1  2  3  4  5  6  7 |
---------------+----------------------+-----
Short Blades   | 1 2 3 4 5 6 |  6.7
Fighting       | 3 4 5 6 |  6.2
Dodging        | 3 4 5 |  5.0
Crossbows      | |  4.8
Stealth        | |  1.3

Action                   |  1- 3 |  4- 6 |  7- 9 || total
-------------------------+-------+-------+-------++-------
Melee: Short sword       |   126 |   100 |    58 ||   284
       Peck              |       |       |    13 ||    13
 Fire: Hand crossbow     |     2 |    76 |    24 ||   102
Throw: Dart              |       |       |     1 ||     1
Evoke: Wand              |       |       |     2 ||     2
  Use: Potion            |       |     3 |     4 ||     7
       Scroll            |       |     5 |     1 ||     6
  Eat: Chunk             |     5 |     6 |     3 ||    14
Armor: Ring mail         |    40 |    31 |    19 ||    90
Dodge: Dodged            |   104 |    85 |    54 ||   243

Table legend:
 A = Non-vault XP
 B = Vault XP
 C = Vault XP percentage of total XP
 D = Non-vault monster count
 E = Vault monster count
 F = Vault count percentage of total count
                 A         B        C        D         E       F
            +---------+---------+-------+---------+---------+-------
      Total |     801 |     278 |  25.8 |      79 |       5 |   6.0
            +---------+---------+-------+---------+---------+-------
        D:1 |      42 |       0 |   0.0 |      24 |       0 |   0.0
        D:2 |     201 |       3 |   1.5 |      31 |       2 |   6.1
        D:3 |      26 |      37 |  58.7 |       7 |       1 |  12.5
        D:6 |     370 |     238 |  39.1 |       9 |       2 |  18.2
        D:7 |     162 |       0 |   0.0 |       8 |       0 |   0.0
            +---------+---------+-------+---------+---------+-------
